 Dungeon Crawl Stone Soup version 0.30.0-29-ga12c61a403 (webtiles) character file.

Game seed: 6441390049793093106

50 monsoonserge the Destroyer (level 3, -21/28 HPs)
             Began as a Gnoll Wanderer on June 12, 2023.
             Killed from afar by a wretched star (31 damage)
             ... with a lance of force
             ... on level 1 of the Abyss.
             The game lasted 00:07:51 (1500 turns).

monsoonserge the Destroyer (Gnoll Wanderer)         Turns: 1500, Time: 00:07:52

Health: -21/28     AC:  3    Str: 10      XL:     3   Next: 79%
Magic:  5/5        EV: 11    Int: 15      God:
Gold:   58         SH:  5    Dex:  9 (10) Spells: 3/7 levels left

rFire   . . .        a - +0 dagger
rCold   . . .        (no shield)
rNeg    . . .        l - +0 leather armour
rPois   .            (no helmet)
rElec   .            (no cloak)
rCorr   .            (no gloves)
SInv    .            (no boots)
Will    .....        i - amulet of reflection
Stlth   +            (no ring)
HPRegen 0.24/turn    (no ring)
MPRegen 0.09/turn

%: reflection
@: silenced, unable to drink
A: fangs 1, strong nose, distributed training, [deterioration 2], [low MP 2],
[screaming 2], [inability to drink after injury 2]
a: no special abilities


You were on level 1 of the Abyss.
You visited 1 branch of the dungeon, and saw 2 of its levels.
You visited the Abyss 1 time.

You collected 58 gold pieces.

Inventory:

Hand Weapons
 a - a +0 dagger (weapon)
 k - a +0 club
Missiles
 b - 16 poisoned darts (quivered)
Armour
 d - a +0 robe
 l - a +0 leather armour (worn)
Magical Staves
 h - a staff of poison
Jewellery
 i - an amulet of reflection (around neck)
Scrolls
 f - a scroll of noise {unknown}
 g - a scroll of identify {unknown}
 j - a scroll of enchant weapon {unknown}
 m - a scroll of blinking {unknown}
 n - a scroll of amnesia {unknown}
Potions
 c - 3 potions of haste
 e - 3 potions of curing {unknown}


   Skills:
 + Level 2.6 Fighting
 + Level 1.0 Short Blades
 + Level 1.0 Long Blades
 + Level 1.0 Axes
 + Level 1.0 Maces & Flails
 + Level 1.0 Polearms
 + Level 1.0 Staves
 + Level 1.0 Ranged Weapons
 + Level 2.6 Throwing
 + Level 1.0 Armour
 + Level 1.0 Dodging
 + Level 1.0 Stealth
 + Level 1.0 Shields
 + Level 1.0 Unarmed Combat
 + Level 2.9 Spellcasting
 + Level 8.7 Conjurations
 + Level 0.7 Hexes
 + Level 0.7 Summonings
 + Level 0.7 Necromancy
 + Level 0.7 Translocations
 + Level 0.7 Transmutations
 + Level 0.7 Fire Magic
 + Level 0.7 Ice Magic
 + Level 0.7 Air Magic
 + Level 2.1 Earth Magic
 + Level 0.7 Poison Magic
 + Level 1.0 Invocations
 + Level 2.6 Evocations


You had 3 spell levels left.
You knew the following spells:

 Your Spells              Type           Power      Damage    Failure   Level
a - Foxfire               Conj/Fire      64%        2x1d7     4%          1
b - Stone Arrow           Conj/Erth      36%        3d9       9%          3

Your spell library contained the following spells:

 Spells                   Type           Power      Damage    Failure   Level
 Magic Dart               Conj           100%       1d8       1%          1
 Sandblast                Erth           16%        2d6       12%         1


Dungeon Overview and Level Annotations

Branches:
Dungeon (2/15)

Altars:

Annotations:
D:2 Robin


Innate Abilities, Weirdness & Mutations

You have very sharp teeth.
Your uncanny sense of smell can sniff out nearby items.
Your experience applies equally to all skills.
[Your body often deteriorates upon taking damage.]
[Your magical capacity is very low. (-20% MP)]
[You frequently scream uncontrollably at your foes.]
[You sometimes lose the ability to drink potions when taking damage.]


Message History

Press: ? - help, v - describe, . - travel
Here: a foxfire (friendly)
The floor.
The foxfire hits the chaos spawn but does no damage. x2
Press: ? - help, v - describe, . - travel The floor.
This square is shrouded in silence.
You cannot cast spells when silenced!
A silent spectre comes into view.
An ice devil comes into view.
A worldbinder comes into view.
A tentacled starspawn comes into view.
The worldbinder calls forth creatures from the Elven Halls!
The worldbinder calls forth creatures from the Elven Halls!
Found a gateway leading deeper into the Abyss.
A wretched star comes into view.
Found a gateway leading deeper into the Abyss.
The wretched star pulses with an eldritch light!
You occasionally lose the ability to drink potions when taking damage.
You lose the ability to drink potions when taking damage more often.
The deep elf zephyrmancer disappears in a puff of smoke!
The wretched star pulses with an eldritch light!
You feel the urge to shout.
You feel a strong urge to scream.
The chaos spawn attacks as you move away!
The chaos spawn closely misses you.
The wretched star pulses with an eldritch light!
You feel yourself wasting away.
You feel your body start to fall apart.
You feel less energetic. x2
The worldbinder calls forth creatures from the Crypt!
The worldbinder calls forth creatures from the Elven Halls!
The chaos spawn attacks as you move away!
The chaos spawn hits you!!
Ouch! That really hurt!
Your body deteriorates!
You feel clumsy.
The worldbinder calls forth creatures from the Crypt!
The wretched star glows turbulently.
The lance of force hits you!!
You feel threatened and lose the ability to drink potions!
Ouch! That really hurt!
You die...

# . . .###. #####
..W. #..#. #x.#
#W.##..##
..#####z#.e..e#. .
#......#x4.....>.#
#..@.*W###...#
#....#....# .#
ยง.#.#...#..#
##.#...#..# #.
#..#.#... #. .#...
.... # ##.#..
##... . . ##.


You could see a wretched star (unsilenced), a freezing wraith (summoned), a
silent spectre (silencing), 2 worldbinders, 2 deep elf zephyrmancers and a chaos
spawn.

Vanquished Creatures
  An adder (D:2)
  A gnoll (D:2)
  4 bats
  2 endoplasms (D:1)
  A giant cockroach (D:2)
  7 goblins
  4 hobgoblins
  A kobold (D:1)
  3 quokkas
  A ball python (D:1)
  4 rats (D:1)
29 creatures vanquished.

Vanquished Creatures (others)
  71 foxfires
71 creatures vanquished.

Grand Total: 100 creatures vanquished

Notes
Turn   | Place    | Note
-------+----------+-------------------------------------------
     0 | D:1      | monsoonserge the Gnoll Wanderer began the quest for the
                  | Orb.
     0 | D:1      | monsoonserge set off with the following items: a +0 dagger,
                  | 11 poisoned darts, a potion of haste, a +0 robe; and the
                  | following spells available to memorise: Magic Dart,
                  | Foxfire, Stone Arrow, Sandblast.
     0 | D:1      | Reached XP level 1. HP: 17/17 MP: 4/4
    12 | D:1      | Learned a level 1 spell: Foxfire
   134 | D:1      | Reached XP level 2. HP: 23/23 MP: 1/5
  1088 | D:2      | Reached XP level 3. HP: 24/28 MP: 1/7
  1095 | D:2      | Learned a level 3 spell: Stone Arrow
  1149 | D:2      | Reached skill level 1 in Invocations
  1241 | D:2      | Noticed Robin
  1260 | D:2      | Reached skill level 1 in Short Blades
  1260 | D:2      | Reached skill level 1 in Long Blades
  1260 | D:2      | Reached skill level 1 in Axes
  1260 | D:2      | Reached skill level 1 in Maces & Flails
  1260 | D:2      | Reached skill level 1 in Polearms
  1260 | D:2      | Reached skill level 1 in Staves
  1260 | D:2      | Reached skill level 1 in Ranged Weapons
  1260 | D:2      | Reached skill level 1 in Armour
  1260 | D:2      | Reached skill level 1 in Dodging
  1260 | D:2      | Reached skill level 1 in Stealth
  1260 | D:2      | Reached skill level 1 in Shields
  1260 | D:2      | Reached skill level 1 in Unarmed Combat
  1365 | Abyss:1  | Cast into level 1 of the Abyss (gnoll)
  1396 | Abyss:1  | Noticed a chaos spawn
  1420 | Abyss:1  | Noticed a flayed ghost
  1456 | Abyss:1  | Noticed a silent spectre
  1462 | Abyss:1  | Noticed an ice devil
  1472 | Abyss:1  | Noticed a worldbinder
  1475 | Abyss:1  | Noticed a tentacled starspawn
  1480 | Abyss:1  | Noticed a deep elf zephyrmancer
  1489 | Abyss:1  | Noticed a deep elf pyromancer
  1489 | Abyss:1  | Noticed a deep elf zephyrmancer
  1490 | Abyss:1  | Noticed a deep elf zephyrmancer
  1493 | Abyss:1  | Noticed a wretched star
  1496 | Abyss:1  | Noticed a worldbinder
  1500 | Abyss:1  | Noticed a skeletal warrior
  1500 | Abyss:1  | Noticed a freezing wraith
  1500 | Abyss:1  | Noticed a deep elf zephyrmancer
  1500 | Abyss:1  | Noticed a deep elf zephyrmancer
  1500 | Abyss:1  | Killed from afar by a wretched star

Illustrated notes

Levels and vault maps discovered:
D:1:      moated_graveyard_arrival, layout_basic, minmay_tetromino_i2
D:2:      layout_basic, grunt_ministairs_6, uniq_terence, uniq_robin
Abyss:1:  base: D:1, serial_sigils_hangedman_snap

Skill      XL: |  1  2  3 |
---------------+----------+-----
Earth Magic    | 2 |  2.1
Invocations    | 1 |  1.0
Short Blades   | 1 |  1.0
Long Blades    | 1 |  1.0
Axes           | 1 |  1.0
Maces & Flails | 1 |  1.0
Polearms       | 1 |  1.0
Staves         | 1 |  1.0
Ranged Weapons | 1 |  1.0
Armour         | 1 |  1.0
Dodging        | 1 |  1.0
Stealth        | 1 |  1.0
Shields        | 1 |  1.0
Unarmed Combat | 1 |  1.0
Fighting       | |  2.6
Throwing       | |  2.6
Spellcasting   | |  2.9
Conjurations   | |  8.7
Hexes          | |  0.7
Summonings     | |  0.7
Necromancy     | |  0.7
Translocations | |  0.7
Transmutations | |  0.7
Fire Magic     | |  0.7
Ice Magic      | |  0.7
Air Magic      | |  0.7
Poison Magic   | |  0.7
Evocations     | |  2.6

Action                     || total
---------------------------++-------
  Melee: Dagger            ||    38
         Bite              ||     4
   Cast: Foxfire           ||    42
 Armour: Robe              ||     7
         Leather armour    ||     6
  Dodge: Dodged            ||    27
  Block: Other             ||    13
